WCHLSIM.com - West Coast Hockey League
html PUBLIC "-//W3C//DTD XHTML 1.0 Transitional//EN" "http://www.w3.org/TR/xhtml1/DTD/xhtml1-transitional.dtd"> WCHL - Game 256 - SACRAMENTO BANDITS vs RENO LIONS

SACRAMENTO BANDITS vs RENO LIONS

Created - 21 novembre 2021 at 22:39

Goals
1 2 3 T
SACRAMENTO BANDITS 0 2 1 3
RENO LIONS 1 2 1 4
Shots
1 2 3 T
SACRAMENTO BANDITS 5 12 20 37
RENO LIONS 12 9 10 31

1st period

1. RENO LIONS , Kirill Kaprizov 6 (Elias Pettersson 12) at 19:37 (PP)

Penalties :
Filip Hronek (SAC) for Interference (Minor) at 17:48

2nd period

2. SACRAMENTO BANDITS , Lars Eller 2 (Tom Wilson 2, Jamie Benn 6) at 6:49 (PP)
3. RENO LIONS , Cam Atkinson 8 (Blake Coleman 6) at 8:13
4. RENO LIONS , Cam Atkinson 9 (Kirill Kaprizov 10, Justin Schultz 8) at 11:30 (PP)
5. SACRAMENTO BANDITS , Alexander DeBrincat 9 (Jonathan Huberdeau 14, John Carlson 14) at 14:37

Penalties :
Blake Coleman (REN) for Tripping (Minor) at 6:41, Mikhail Sergachev (SAC) for Hooking (Minor) at 9:35, Leo Komarov (REN) for Interference (Minor) at 12:13, Joel Edmundson (SAC) for Interference (Minor) at 15:41, Robert Hagg (REN) for Roughing (Minor) at 19:49

3rd period

6. RENO LIONS , Evgeny Dadonov 4 (Jayce Hawryluk 1) at 2:26
7. SACRAMENTO BANDITS , Brock Boeser 9 (Jonathan Huberdeau 15, Alexander DeBrincat 9) at 16:06

Penalties :
Ethan Bear (REN) for Tripping (Minor) at 0:27, Lars Eller (SAC) for Tripping (Minor) at 0:27

Goalie Stats

Andrei Vasilevskiy (SAC), 18 saves from 22 shots - (0,818), L, 11-2-2, 42:26 minutes
Filip Gustavsson (SAC), 9 saves from 9 shots - (1,000), 17:34 minutes
Elvis Merzlikins (REN), 34 saves from 37 shots - (0,919), W, 6-4-1, 60:00 minutes

Players Stats for SACRAMENTO BANDITS

Player Name              G  A  P  +/- PIM S  H  SB GA TA FO     MP     PP MP  PK MP  
------------------------------------------------------------------------------------
Alexander DeBrincat      1  1  2   1  0   4  1  0  0  0  11/33  23:32   1:19   2:34 
Ben Harpur               0  0  0   0  0   0  0  1  0  0  0/0    11:49   0:08   0:00 
Brock Boeser             1  0  1   2  0   4  3  0  0  0  0/1    19:31   1:19   0:00 
Colton Sissons           0  0  0  -1  0   5  0  1  0  0  8/12   19:43   0:03   2:34 
Filip Hronek             0  0  0   0  2   0  0  0  0  0  0/0    21:26   1:18   2:01 
Gabriel Dumont           0  0  0   0  0   1  0  0  0  0  0/1    10:23   0:00   0:00 
Jamie Benn               0  1  1  -1  0   4  0  0  0  0  1/1    23:37   1:26   3:09 
Joel Edmundson           0  0  0   0  2   0  0  1  0  0  0/0    20:48   1:18   1:23 
John Carlson             0  1  1   0  0   1  2  2  0  0  0/0    26:10   1:19   3:08 
Jonathan Huberdeau       0  2  2   2  0   10 0  0  0  0  2/5    24:23   1:19   0:00 
Kyle Turris              0  0  0   0  0   1  0  0  0  0  2/5     4:56   0:00   0:00 
Lars Eller               1  0  1  -1  2   5  2  0  0  0  21/31  22:08   1:25   3:09 
Libor Hajek              0  0  0   0  0   0  1  1  0  0  0/0    14:16   0:00   2:35 
Lukas Vejdemo            0  0  0   0  0   0  1  0  0  0  0/0    10:20   0:00   0:00 
Mikhail Sergachev        0  0  0   0  2   2  3  0  0  0  0/0    21:52   1:27   2:02 
Niko Mikkola             0  0  0   0  0   0  1  0  0  0  0/0     3:36   0:00   0:17 
Stefan Noesen            0  0  0   0  0   0  0  0  0  0  0/0     2:28   0:00   0:00 
Tom Wilson               0  1  1  -1  0   0  1  0  0  0  1/1    11:16   1:23   0:00 

Players Stats for RENO LIONS

Player Name              G  A  P  +/- PIM S  H  SB GA TA FO     MP     PP MP  PK MP  
------------------------------------------------------------------------------------
Anders Lee               0  0  0  -2  0   3  4  1  0  0  1/2    20:10   0:12   0:52 
Blake Coleman            0  1  1   1  2   4  3  0  0  0  2/7    22:12   2:56   2:46 
Cam Atkinson             2  0  2   1  0   2  0  0  0  0  2/3    20:40   2:47   1:53 
Elias Pettersson         0  1  1  -2  0   3  1  0  0  0  11/28  21:22   2:47   0:00 
Ethan Bear               0  0  0   0  2   0  2  1  0  0  0/0    19:53   0:00   1:38 
Evgeny Dadonov           1  0  1   1  0   3  0  0  0  0  0/1    10:23   0:00   0:08 
Jacob Trouba             0  0  0   0  0   0  0  1  0  0  0/0    22:43   2:40   1:13 
Jayce Hawryluk           0  1  1   1  0   0  2  0  0  0  1/2     4:52   0:00   0:00 
Justin Schultz           0  1  1   0  0   2  0  1  0  0  0/0    22:19   3:03   0:26 
Juuso Valimaki           0  0  0   0  0   1  0  0  0  0  0/0    17:21   2:40   2:11 
Kirill Kaprizov          1  1  2  -2  0   4  2  0  0  0  0/1    21:22   2:47   0:00 
Leo Komarov              0  0  0   0  2   0  1  0  0  0  1/2     9:36   0:00   0:00 
Oliver Ekman-Larsson     0  0  0   0  0   1  2  0  0  0  0/0    23:31   3:03   1:37 
Pierre-Luc Dubois        0  0  0   1  0   2  1  0  0  0  12/22  18:56   2:56   0:00 
Robert Hagg              0  0  0   0  2   0  2  0  0  0  0/0    14:11   0:00   1:06 
Tomas Nosek              0  0  0   0  0   1  0  0  0  0  8/12    9:53   2:44   1:12 
Tyler Benson             0  0  0   0  0   0  0  0  0  0  0/1     4:50   0:00   0:00 
William Karlsson         0  0  0   0  0   5  0  0  0  0  6/9     9:37   0:00   0:00 

3 Stars

1 - Cam Atkinson (REN)
2 - Alexander DeBrincat (SAC)
3 - Brock Boeser (SAC)

Power Play

SACRAMENTO BANDITS - 1 on 3 Attempt(s) - 33,33%
RENO LIONS - 2 on 3 Attempt(s) - 66,67%

Penalty Kill

SACRAMENTO BANDITS - 1 on 3 Attempt(s) - 33,33% - Score 0 goal in Penalty Kill
RENO LIONS - 2 on 3 Attempt(s) - 66,67% - Score 0 goal in Penalty Kill

Team Stat

SACRAMENTO BANDITS - Hits : 15 - Faceoff Wins : 46 - Blocked Shots : 6 - Penalty Minutes : 8
RENO LIONS - Hits : 20 - Faceoff Wins : 44 - Blocked Shots : 4 - Penalty Minutes : 8

Official

Referees : Kenny Anderson and Jean Hebert
Linesman : Jim Harper and Derek Wahl

Game Notes

Tom Wilson is injured at 18:47 of 2nd period (Sprained Left Knee)
Filip Gustavsson enters game at 2:26 of 3rd period

Finance

Level 1 -- Attendance: 7000 (100,00%) -- Ticket Income 945 000 $
Level 2 -- Attendance: 5645 (94,08%) -- Ticket Income 479 825 $
Level 3 -- Attendance: 2763 (92,10%) -- Ticket Income 165 780 $
Level 4 -- Attendance: 5000 (100,00%) -- Ticket Income 200 000 $
Luxury Box -- Attendance: 1000 (100,00%) -- Ticket Income 270 000 $
Game was played at the Lions Kingdom.
Total Attendance: 21408 (97,31%)
Total Ticket Income: 2 060 605 $
Other Expense: 20 606 $
Total Income: 2 039 999 $

SACRAMENTO BANDITS

5 vs 5 Forward 
   Center                   Left Wing                Right Wing               Time % Phy DF OF 
 1 Alexander DeBrincat      Jonathan Huberdeau       Brock Boeser             35     1   2  2  
 2 Lars Eller               Jamie Benn               Tom Wilson               35     1   2  2  
 3 Colton Sissons           Lukas Vejdemo            Gabriel Dumont           25     1   2  2  
 4 Kyle Turris              Jonathan Huberdeau       Stefan Noesen            5      1   2  2  

5 vs 5 Defense 
   Defense                  Defense                                           Time % Phy DF OF 
 1 John Carlson             Mikhail Sergachev                                 36     1   2  2  
 2 Filip Hronek             Joel Edmundson                                    31     1   2  2  
 3 Ben Harpur               Libor Hajek                                       23     1   2  2  
 4 Niko Mikkola             John Carlson                                      10     1   2  2  

PowerPlay Forward 
   Center                   Left Wing                Right Wing               Time % Phy DF OF 
 1 Alexander DeBrincat      Jonathan Huberdeau       Brock Boeser             55     1   2  2  
 2 Lars Eller               Jamie Benn               Tom Wilson               45     1   2  2  

PowerPlay Defense
   Defense                  Defense                                           Time % Phy DF OF 
 1 John Carlson             Mikhail Sergachev                                 55     1   2  2  
 2 Filip Hronek             Joel Edmundson                                    45     1   2  2  

Penalty Kill 4 Players Forward 
   Center                   Wing                     Time % Phy DF OF 
 1 Lars Eller               Jamie Benn               55     1   2  2  
 2 Alexander DeBrincat      Colton Sissons           45     1   2  2  

Penalty Kill 4 Players Defense
   Defense                  Defense                  Time % Phy DF OF 
 1 John Carlson             Mikhail Sergachev        55     1   2  2  
 2 Filip Hronek             Joel Edmundson           45     1   2  2  

Penalty Kill - 3 Players Forward 
   Forward                                           Time % Phy DF OF 
 1 Colton Sissons                                    55     1   2  2  
 2 Kyle Turris                                       45     1   2  2  

Penalty Kill - 3 Players Defense
   Defense                  Defense                  Time % Phy DF OF 
 1 John Carlson             Mikhail Sergachev        55     1   2  2  
 2 Filip Hronek             Joel Edmundson           45     1   2  2  

4 vs 4 Forward 
   Center                   Wing                     Time % Phy DF OF 
 1 Jonathan Huberdeau       Jamie Benn               55     1   2  2  
 2 Alexander DeBrincat      Lars Eller               45     1   2  2  

4 vs 4 Defense
   Defense                  Defense                  Time % Phy DF OF 
 1 John Carlson             Mikhail Sergachev        55     1   2  2  
 2 Filip Hronek             Joel Edmundson           45     1   2  2  

Last Minutes Offensive
   Center                   Left Wing                Right Wing               Defense                  Defense                  
   Alexander DeBrincat      Jonathan Huberdeau       Tom Wilson               John Carlson             Mikhail Sergachev        

Last Minutes Defensive
   Center                   Left Wing                Right Wing               Defense                  Defense                  
   Alexander DeBrincat      Jonathan Huberdeau       Tom Wilson               John Carlson             Mikhail Sergachev        

Goaltenders
Starting : Andrei Vasilevskiy       
Backup : Filip Gustavsson         

Extra Forwards
Normal : Colton Sissons, Kyle Turris, Gabriel Dumont - PP : Colton Sissons, Kyle Turris - PK : Gabriel Dumont
Extra Defensemen
Normal : Ben Harpur, Libor Hajek, Niko Mikkola - PP : Ben Harpur - PK : Libor Hajek, Niko Mikkola
Penalty Shots
Jonathan Huberdeau, Jamie Benn, Alexander DeBrincat, Lars Eller, Tom Wilson
Custom OT Lines Forwards
Jonathan Huberdeau, Jamie Benn, Alexander DeBrincat, Lars Eller, Tom Wilson, Brock Boeser, Colton Sissons, Kyle Turris, Gabriel Dumont, Lukas Vejdemo
Custom OT Lines Defensemen
John Carlson, Mikhail Sergachev, Filip Hronek, Joel Edmundson, Ben Harpur

Scratches
Aleksander Barkov (Healthy), Carter Verhaeghe (Left Forearm Injury), Cal Clutterbuck (Fractured Bone in Right Hand Injury), Mattias Ekholm (Sprained Right Finger Injury)

RENO LIONS

5 vs 5 Forward 
   Center                   Left Wing                Right Wing               Time % Phy DF OF 
 1 Elias Pettersson         Anders Lee               Kirill Kaprizov          40     1   1  3  
 2 Pierre-Luc Dubois        Blake Coleman            Cam Atkinson             35     1   1  3  
 3 William Karlsson         Leo Komarov              Evgeny Dadonov           20     1   2  2  
 4 Tomas Nosek              Tyler Benson             Jayce Hawryluk           5      1   2  2  

5 vs 5 Defense 
   Defense                  Defense                                           Time % Phy DF OF 
 1 Jacob Trouba             Justin Schultz                                    36     1   1  3  
 2 Oliver Ekman-Larsson     Ethan Bear                                        36     1   2  2  
 3 Juuso Valimaki           Robert Hagg                                       23     1   2  2  
 4 Jacob Trouba             Justin Schultz                                    5      1   2  2  

PowerPlay Forward 
   Center                   Left Wing                Right Wing               Time % Phy DF OF 
 1 Elias Pettersson         Kirill Kaprizov          Cam Atkinson             55     1   0  4  
 2 Pierre-Luc Dubois        Tomas Nosek              Blake Coleman            45     1   0  4  

PowerPlay Defense
   Defense                  Defense                                           Time % Phy DF OF 
 1 Justin Schultz           Oliver Ekman-Larsson                              55     0   1  4  
 2 Jacob Trouba             Juuso Valimaki                                    45     0   1  4  

Penalty Kill 4 Players Forward 
   Center                   Wing                     Time % Phy DF OF 
 1 Blake Coleman            Cam Atkinson             55     1   3  1  
 2 Tomas Nosek              Anders Lee               45     1   3  1  

Penalty Kill 4 Players Defense
   Defense                  Defense                  Time % Phy DF OF 
 1 Ethan Bear               Juuso Valimaki           55     1   3  1  
 2 Oliver Ekman-Larsson     Robert Hagg              45     1   3  1  

Penalty Kill - 3 Players Forward 
   Forward                                           Time % Phy DF OF 
 1 Blake Coleman                                     55     0   5  0  
 2 Tomas Nosek                                       45     0   5  0  

Penalty Kill - 3 Players Defense
   Defense                  Defense                  Time % Phy DF OF 
 1 Jacob Trouba             Justin Schultz           55     0   5  0  
 2 Juuso Valimaki           Ethan Bear               45     0   5  0  

4 vs 4 Forward 
   Center                   Wing                     Time % Phy DF OF 
 1 Tomas Nosek              Evgeny Dadonov           60     1   2  2  
 2 Leo Komarov              Tyler Benson             40     1   2  2  

4 vs 4 Defense
   Defense                  Defense                  Time % Phy DF OF 
 1 Ethan Bear               Robert Hagg              60     1   2  2  
 2 Jacob Trouba             Justin Schultz           40     1   2  2  

Last Minutes Offensive
   Center                   Left Wing                Right Wing               Defense                  Defense                  
   Elias Pettersson         Kirill Kaprizov          Cam Atkinson             Justin Schultz           Oliver Ekman-Larsson     

Last Minutes Defensive
   Center                   Left Wing                Right Wing               Defense                  Defense                  
   Tomas Nosek              Anders Lee               Blake Coleman            Jacob Trouba             Justin Schultz           

Goaltenders
Starting : Elvis Merzlikins         
Backup : Jaroslav Halak           

Extra Forwards
Normal : Jayce Hawryluk, Tyler Benson, Kirill Kaprizov - PP : Elias Pettersson, Pierre-Luc Dubois - PK : Evgeny Dadonov
Extra Defensemen
Normal : Oliver Ekman-Larsson, Robert Hagg, Jacob Trouba - PP : Justin Schultz - PK : Ethan Bear, Juuso Valimaki
Penalty Shots
Kirill Kaprizov, Cam Atkinson, Elias Pettersson, Anders Lee, Blake Coleman
Custom OT Lines Forwards
Anders Lee, Kirill Kaprizov, Blake Coleman, Cam Atkinson, Elias Pettersson, Pierre-Luc Dubois, Tomas Nosek, Evgeny Dadonov, Leo Komarov, William Karlsson
Custom OT Lines Defensemen
Jacob Trouba, Justin Schultz, Oliver Ekman-Larsson, Ethan Bear, Juuso Valimaki

Scratches
Vincent Hinostroza (Concussion Injury)

% Time on Ice - SACRAMENTO BANDITS

Lines # - Real PCT - Wanted PCT - Time Play
Normal Forward
1 - 37% - 35% - 18:12
2 - 36% - 35% - 17:34
3 - 21% - 25% - 10:20
4 - 5% - 5% - 2:28
Normal Defense
1 - 35% - 36% - 16:54
2 - 34% - 31% - 16:40
3 - 24% - 23% - 11:41
4 - 7% - 10% - 3:19
PP Forward
1 - 48% - 55% - 1:19
2 - 52% - 45% - 1:26
PP Defense
1 - 53% - 55% - 1:27
2 - 47% - 45% - 1:18
PK Forward
1 - 55% - 55% - 3:09
2 - 45% - 45% - 2:34
PK Defense
1 - 55% - 55% - 3:08
2 - 45% - 45% - 2:35
PK3 Forward
1 - 0% - 55%
2 - 0% - 45%
PK3 Defense
1 - 0% - 55%
2 - 0% - 45%
44 Forward
1 - 74% - 55% - 1:28
2 - 26% - 45% - 0:31
44 Defense
1 - 26% - 55% - 0:31
2 - 74% - 45% - 1:28
Last Minute Offensive  - 0:59
Last Minute Defensive  - 0:00
Total
Forward - 60:00
Defense - 60:00

% Time on Ice - RENO LIONS

Lines # - Real PCT - Wanted PCT - Time Play
Normal Forward
1 - 38% - 40% - 18:35
2 - 33% - 35% - 16:00
3 - 20% - 20% - 9:37
4 - 10% - 5% - 4:50
Normal Defense
1 - 35% - 36% - 17:17
2 - 37% - 36% - 18:15
3 - 25% - 23% - 12:30
4 - 2% - 5% - 1:00
PP Forward
1 - 49% - 55% - 2:47
2 - 51% - 45% - 2:56
PP Defense
1 - 53% - 55% - 3:03
2 - 47% - 45% - 2:40
PK Forward
1 - 68% - 55% - 1:53
2 - 32% - 45% - 0:52
PK Defense
1 - 46% - 55% - 1:16
2 - 54% - 45% - 1:29
PK3 Forward
1 - 75% - 55% - 1:01
2 - 25% - 45% - 0:20
PK3 Defense
1 - 32% - 55% - 0:26
2 - 68% - 45% - 0:55
44 Forward
1 - 100% - 60% - 0:38
2 - 0% - 40% - 0:00
44 Defense
1 - 95% - 60% - 0:36
2 - 5% - 40% - 0:02
Last Minute Offensive  - 0:00
Last Minute Defensive  - 0:31
Total
Forward - 60:00
Defense - 60:00

Play-by-Play

1st period


0:01 of 1st period - Elias Pettersson wins face-off versus Alexander DeBrincat in neutral zone.
0:25 of 1st period - Shot by Elias Pettersson.
0:25 of 1st period - Shot Misses the Net.
0:57 of 1st period - Shot by Blake Coleman.
0:57 of 1st period - Stopped by Andrei Vasilevskiy without a rebound.
0:58 of 1st period - Lars Eller wins face-off versus Pierre-Luc Dubois in SACRAMENTO BANDITS zone.
1:10 of 1st period - Icing by Blake Coleman.
1:11 of 1st period - Pierre-Luc Dubois wins face-off versus Gabriel Dumont in RENO LIONS zone.
2:28 of 1st period - Shot by Evgeny Dadonov.
2:28 of 1st period - Stopped by Andrei Vasilevskiy without a rebound.
2:29 of 1st period - William Karlsson wins face-off versus Kyle Turris in SACRAMENTO BANDITS zone.
3:16 of 1st period - Icing by Juuso Valimaki.
3:17 of 1st period - William Karlsson wins face-off versus Lars Eller in RENO LIONS zone.
3:54 of 1st period - Shot by Jamie Benn.
3:54 of 1st period - Shot Misses the Net.
4:22 of 1st period - Shot by Kirill Kaprizov.
4:22 of 1st period - Stopped by Andrei Vasilevskiy without a rebound.
4:23 of 1st period - Tomas Nosek wins face-off versus Alexander DeBrincat in SACRAMENTO BANDITS zone.
4:38 of 1st period - Shot by Alexander DeBrincat.
4:38 of 1st period - Shot Blocked by Ethan Bear.
4:40 of 1st period - Shot by John Carlson.
4:40 of 1st period - Stopped by Elvis Merzlikins without a rebound.
4:41 of 1st period - Elias Pettersson wins face-off versus Colton Sissons in RENO LIONS zone.
5:50 of 1st period - Shot by Jonathan Huberdeau.
5:50 of 1st period - Stopped by Elvis Merzlikins without a rebound.
5:51 of 1st period - Jamie Benn wins face-off versus Tyler Benson in RENO LIONS zone.
5:57 of 1st period - Icing by Oliver Ekman-Larsson.
5:58 of 1st period - Lars Eller wins face-off versus Tomas Nosek in RENO LIONS zone.
6:02 of 1st period - Jamie Benn is hit by Oliver Ekman-Larsson and loses puck.
6:51 of 1st period - Icing by Ethan Bear.
6:52 of 1st period - Alexander DeBrincat wins face-off versus Jayce Hawryluk in RENO LIONS zone.
6:53 of 1st period - Shot by Jonathan Huberdeau.
6:53 of 1st period - Shot Misses the Net.
6:58 of 1st period - Oliver Ekman-Larsson is hit by John Carlson and loses puck.
7:21 of 1st period - Shot by Alexander DeBrincat.
7:21 of 1st period - Shot Hit the Post.
7:29 of 1st period - Shot by Brock Boeser.
7:29 of 1st period - Deflect By Alexander DeBrincat.
7:29 of 1st period - Shot Misses the Net.
8:00 of 1st period - Mikhail Sergachev is hit by Pierre-Luc Dubois and loses puck.
9:23 of 1st period - Shot by Evgeny Dadonov.
9:23 of 1st period - Deflect By William Karlsson.
9:23 of 1st period - Shot Misses the Net.
9:25 of 1st period - Shot by William Karlsson.
9:25 of 1st period - Shot Blocked by Joel Edmundson.
9:27 of 1st period - Shot by William Karlsson.
9:27 of 1st period - Stopped by Andrei Vasilevskiy without a rebound.
9:28 of 1st period - Kyle Turris wins face-off versus Kirill Kaprizov in SACRAMENTO BANDITS zone.
9:45 of 1st period - Shot by Anders Lee.
9:45 of 1st period - Stopped by Andrei Vasilevskiy without a rebound.
9:46 of 1st period - Colton Sissons wins face-off versus Tomas Nosek in SACRAMENTO BANDITS zone.
9:46 of 1st period - Ben Harpur is hit by Jayce Hawryluk and loses puck.
9:50 of 1st period - Icing by Ben Harpur.
9:51 of 1st period - Colton Sissons wins face-off versus Elias Pettersson in SACRAMENTO BANDITS zone.
10:02 of 1st period - Shot by Elias Pettersson.
10:02 of 1st period - Shot Misses the Net.
10:04 of 1st period - Shot by Elias Pettersson.
10:04 of 1st period - Shot Blocked by Colton Sissons.
10:20 of 1st period - Shot by Elias Pettersson.
10:20 of 1st period - Shot Misses the Net.
10:30 of 1st period - Colton Sissons is hit by Anders Lee and loses puck.
10:59 of 1st period - Shot by Pierre-Luc Dubois.
10:59 of 1st period - Stopped by Andrei Vasilevskiy without a rebound.
11:00 of 1st period - William Karlsson wins face-off versus Lars Eller in SACRAMENTO BANDITS zone.
11:06 of 1st period - Evgeny Dadonov is hit by Mikhail Sergachev.
11:22 of 1st period - Shot by Lars Eller.
11:22 of 1st period - Stopped by Elvis Merzlikins without a rebound.
11:23 of 1st period - Cam Atkinson wins face-off versus Alexander DeBrincat in RENO LIONS zone.
11:23 of 1st period - Cam Atkinson is hit by Brock Boeser.
11:37 of 1st period - Shot by Blake Coleman.
11:37 of 1st period - Stopped by Andrei Vasilevskiy without a rebound.
11:38 of 1st period - Lars Eller wins face-off versus Elias Pettersson in SACRAMENTO BANDITS zone.
11:50 of 1st period - Jamie Benn is hit by Oliver Ekman-Larsson and loses puck.
11:58 of 1st period - John Carlson is hit by Ethan Bear and loses puck.
12:57 of 1st period - Off-side.
12:58 of 1st period - Colton Sissons wins face-off versus Leo Komarov in neutral zone.
14:35 of 1st period - Icing by Joel Edmundson.
14:36 of 1st period - Alexander DeBrincat wins face-off versus Elias Pettersson in SACRAMENTO BANDITS zone.
14:57 of 1st period - Shot by Alexander DeBrincat.
14:57 of 1st period - Stopped by Elvis Merzlikins without a rebound.
14:58 of 1st period - William Karlsson wins face-off versus Lars Eller in RENO LIONS zone.
16:56 of 1st period - Shot by Brock Boeser.
16:56 of 1st period - Stopped by Elvis Merzlikins with a rebound.
17:15 of 1st period - Jonathan Huberdeau is hit by Ethan Bear.
17:48 of 1st period - Minor Penalty to Filip Hronek for Interference.
17:49 of 1st period - Elias Pettersson wins face-off versus Lars Eller in SACRAMENTO BANDITS zone.
18:23 of 1st period - Icing by Jacob Trouba.
18:24 of 1st period - Lars Eller wins face-off versus Elias Pettersson in RENO LIONS zone.
19:05 of 1st period - Shot by Blake Coleman.
19:05 of 1st period - Deflect By Pierre-Luc Dubois.
19:05 of 1st period - Stopped by Andrei Vasilevskiy without a rebound.
19:06 of 1st period - Pierre-Luc Dubois wins face-off versus Alexander DeBrincat in SACRAMENTO BANDITS zone.
19:23 of 1st period - Shot by Justin Schultz.
19:23 of 1st period - Stopped by Andrei Vasilevskiy without a rebound.
19:24 of 1st period - Pierre-Luc Dubois wins face-off versus Alexander DeBrincat in SACRAMENTO BANDITS zone.
19:35 of 1st period - Shot by Oliver Ekman-Larsson.
19:35 of 1st period - Stopped by Andrei Vasilevskiy without a rebound.
19:36 of 1st period - Elias Pettersson wins face-off versus Lars Eller in SACRAMENTO BANDITS zone.
19:37 of 1st period - Shot by Kirill Kaprizov.
19:37 of 1st period - Goal by Kirill Kaprizov - SACRAMENTO BANDITS : 0 - RENO LIONS : 1.
19:38 of 1st period - Leo Komarov wins face-off versus Kyle Turris in neutral zone.
19:41 of 1st period - Kyle Turris is hit by Leo Komarov and loses puck.
19:56 of 1st period - Shot by William Karlsson.
19:56 of 1st period - Shot Misses the Net.
19:58 of 1st period - Shot by William Karlsson.
19:58 of 1st period - Stopped by Andrei Vasilevskiy with a rebound.
Goals for this period are 0 for SACRAMENTO BANDITS vs 1 for RENO LIONS.
Shots for this period are 5 for SACRAMENTO BANDITS vs 12 for RENO LIONS.

2nd period


0:01 of 2nd period - Lars Eller wins face-off versus Pierre-Luc Dubois in neutral zone.
0:36 of 2nd period - Shot by Lars Eller.
0:36 of 2nd period - Deflect By Jamie Benn.
0:36 of 2nd period - Shot Misses the Net.
1:03 of 2nd period - Icing by Joel Edmundson.
1:04 of 2nd period - Elias Pettersson wins face-off versus Jonathan Huberdeau in SACRAMENTO BANDITS zone.
1:07 of 2nd period - Shot by Elias Pettersson.
1:07 of 2nd period - Stopped by Andrei Vasilevskiy without a rebound.
1:08 of 2nd period - Elias Pettersson wins face-off versus Brock Boeser in SACRAMENTO BANDITS zone.
1:36 of 2nd period - Shot by Alexander DeBrincat.
1:36 of 2nd period - Shot Blocked by Anders Lee.
2:26 of 2nd period - Shot by Juuso Valimaki.
2:26 of 2nd period - Stopped by Andrei Vasilevskiy without a rebound.
2:27 of 2nd period - Pierre-Luc Dubois wins face-off versus Colton Sissons in SACRAMENTO BANDITS zone.
3:33 of 2nd period - Blake Coleman is hit by John Carlson and loses puck.
3:53 of 2nd period - William Karlsson is hit by Tom Wilson and loses puck.
4:10 of 2nd period - Shot by Brock Boeser.
4:10 of 2nd period - Shot Misses the Net.
4:12 of 2nd period - Shot by Alexander DeBrincat.
4:12 of 2nd period - Deflect By Jonathan Huberdeau.
4:12 of 2nd period - Stopped by Elvis Merzlikins with a rebound.
4:25 of 2nd period - Icing by Filip Hronek.
4:26 of 2nd period - Alexander DeBrincat wins face-off versus Elias Pettersson in SACRAMENTO BANDITS zone.
4:35 of 2nd period - Oliver Ekman-Larsson is hit by Brock Boeser and loses puck.
5:07 of 2nd period - Filip Hronek is hit by Anders Lee and loses puck.
5:35 of 2nd period - Jacob Trouba is hit by Lars Eller and loses puck.
5:41 of 2nd period - Icing by Justin Schultz.
5:42 of 2nd period - Tomas Nosek wins face-off versus Colton Sissons in RENO LIONS zone.
5:59 of 2nd period - Jacob Trouba is hit by Lukas Vejdemo and loses puck.
6:11 of 2nd period - Colton Sissons is hit by Jayce Hawryluk and loses puck.
6:41 of 2nd period - Minor Penalty to Blake Coleman for Tripping.
6:42 of 2nd period - Lars Eller wins face-off versus Evgeny Dadonov in RENO LIONS zone.
6:47 of 2nd period - Shot by Jamie Benn.
6:47 of 2nd period - Deflect By Tom Wilson.
6:47 of 2nd period - Shot Misses the Net.
6:49 of 2nd period - Shot by Lars Eller.
6:49 of 2nd period - Goal by Lars Eller - SACRAMENTO BANDITS : 1 - RENO LIONS : 1.
6:50 of 2nd period - Lars Eller wins face-off versus Elias Pettersson in neutral zone.
7:10 of 2nd period - Shot by Jamie Benn.
7:10 of 2nd period - Stopped by Elvis Merzlikins without a rebound.
7:11 of 2nd period - Pierre-Luc Dubois wins face-off versus Alexander DeBrincat in RENO LIONS zone.
7:21 of 2nd period - Icing by Joel Edmundson.
7:22 of 2nd period - Alexander DeBrincat wins face-off versus Elias Pettersson in SACRAMENTO BANDITS zone.
7:22 of 2nd period - Alexander DeBrincat is hit by Anders Lee.
7:44 of 2nd period - Off-side.
7:45 of 2nd period - Lars Eller wins face-off versus Pierre-Luc Dubois in neutral zone.
7:59 of 2nd period - John Carlson is hit by Blake Coleman and loses puck.
8:08 of 2nd period - Tom Wilson is hit by Blake Coleman and loses puck.
8:13 of 2nd period - Shot by Cam Atkinson.
8:13 of 2nd period - Goal by Cam Atkinson - SACRAMENTO BANDITS : 1 - RENO LIONS : 2.
8:14 of 2nd period - Alexander DeBrincat wins face-off versus Elias Pettersson in neutral zone.
8:31 of 2nd period - Shot by Kirill Kaprizov.
8:31 of 2nd period - Stopped by Andrei Vasilevskiy without a rebound.
8:32 of 2nd period - Colton Sissons wins face-off versus William Karlsson in SACRAMENTO BANDITS zone.
8:53 of 2nd period - Shot by William Karlsson.
8:53 of 2nd period - Stopped by Andrei Vasilevskiy without a rebound.
8:54 of 2nd period - Lars Eller wins face-off versus Elias Pettersson in SACRAMENTO BANDITS zone.
8:54 of 2nd period - Lars Eller is hit by Elias Pettersson.
9:08 of 2nd period - Shot by Jamie Benn.
9:08 of 2nd period - Shot Blocked by Justin Schultz.
9:18 of 2nd period - Shot by Lars Eller.
9:18 of 2nd period - Shot Blocked by Jacob Trouba.
9:23 of 2nd period - Off-side.
9:24 of 2nd period - Alexander DeBrincat wins face-off versus Pierre-Luc Dubois in neutral zone.
9:32 of 2nd period - Off-side.
9:33 of 2nd period - Pierre-Luc Dubois wins face-off versus Alexander DeBrincat in neutral zone.
9:35 of 2nd period - Minor Penalty to Mikhail Sergachev for Hooking.
9:36 of 2nd period - Elias Pettersson wins face-off versus Lars Eller in SACRAMENTO BANDITS zone.
10:01 of 2nd period - Shot by Kirill Kaprizov.
10:01 of 2nd period - Shot Misses the Net.
10:19 of 2nd period - Shot by Kirill Kaprizov.
10:19 of 2nd period - Shot Misses the Net.
10:21 of 2nd period - Shot by Kirill Kaprizov.
10:21 of 2nd period - Deflect By Elias Pettersson.
10:21 of 2nd period - Stopped by Andrei Vasilevskiy without a rebound.
10:22 of 2nd period - Pierre-Luc Dubois wins face-off versus Alexander DeBrincat in SACRAMENTO BANDITS zone.
11:28 of 2nd period - Shot by Kirill Kaprizov.
11:28 of 2nd period - Shot Misses the Net.
11:30 of 2nd period - Shot by Cam Atkinson.
11:30 of 2nd period - Goal by Cam Atkinson - SACRAMENTO BANDITS : 1 - RENO LIONS : 3.
11:31 of 2nd period - Kyle Turris wins face-off versus William Karlsson in neutral zone.
11:48 of 2nd period - Shot by Jonathan Huberdeau.
11:48 of 2nd period - Stopped by Elvis Merzlikins with a rebound.
12:10 of 2nd period - Icing by William Karlsson.
12:11 of 2nd period - William Karlsson wins face-off versus Lars Eller in RENO LIONS zone.
12:13 of 2nd period - Minor Penalty to Leo Komarov for Interference.
12:14 of 2nd period - Lars Eller wins face-off versus Blake Coleman in RENO LIONS zone.
13:18 of 2nd period - Shot by Mikhail Sergachev.
13:18 of 2nd period - Stopped by Elvis Merzlikins with a rebound.
13:20 of 2nd period - Shot by Jonathan Huberdeau.
13:20 of 2nd period - Stopped by Elvis Merzlikins with a rebound.
13:22 of 2nd period - Shot by Jonathan Huberdeau.
13:22 of 2nd period - Stopped by Elvis Merzlikins with a rebound.
13:24 of 2nd period - Shot by Mikhail Sergachev.
13:24 of 2nd period - Shot Misses the Net.
13:26 of 2nd period - Shot by Jonathan Huberdeau.
13:26 of 2nd period - Stopped by Elvis Merzlikins without a rebound.
13:27 of 2nd period - Tomas Nosek wins face-off versus Jonathan Huberdeau in RENO LIONS zone.
13:38 of 2nd period - Shot by Jonathan Huberdeau.
13:38 of 2nd period - Shot Misses the Net.
13:40 of 2nd period - Shot by Jonathan Huberdeau.
13:40 of 2nd period - Shot Misses the Net.
13:42 of 2nd period - Shot by Mikhail Sergachev.
13:42 of 2nd period - Shot Misses the Net.
13:44 of 2nd period - Shot by Jonathan Huberdeau.
13:44 of 2nd period - Stopped by Elvis Merzlikins without a rebound.
13:45 of 2nd period - Lars Eller wins face-off versus Tomas Nosek in RENO LIONS zone.
14:08 of 2nd period - Shot by Tomas Nosek.
14:08 of 2nd period - Stopped by Andrei Vasilevskiy without a rebound.
14:09 of 2nd period - Blake Coleman wins face-off versus Alexander DeBrincat in SACRAMENTO BANDITS zone.
14:29 of 2nd period - Off-side.
14:30 of 2nd period - Alexander DeBrincat wins face-off versus Elias Pettersson in neutral zone.
14:37 of 2nd period - Shot by Alexander DeBrincat.
14:37 of 2nd period - Goal by Alexander DeBrincat - SACRAMENTO BANDITS : 2 - RENO LIONS : 3.
14:38 of 2nd period - Lars Eller wins face-off versus Elias Pettersson in neutral zone.
15:06 of 2nd period - Shot by Kirill Kaprizov.
15:06 of 2nd period - Deflect By Anders Lee.
15:06 of 2nd period - Shot Blocked by John Carlson.
15:41 of 2nd period - Minor Penalty to Joel Edmundson for Interference.
15:42 of 2nd period - Alexander DeBrincat wins face-off versus Pierre-Luc Dubois in SACRAMENTO BANDITS zone.
16:18 of 2nd period - Pierre-Luc Dubois is hit by Libor Hajek and loses puck.
16:28 of 2nd period - Icing by Blake Coleman.
16:29 of 2nd period - Lars Eller wins face-off versus Pierre-Luc Dubois in RENO LIONS zone.
17:00 of 2nd period - Shot by Elias Pettersson.
17:00 of 2nd period - Shot Blocked by John Carlson.
17:02 of 2nd period - Shot by Elias Pettersson.
17:02 of 2nd period - Shot Misses the Net.
17:59 of 2nd period - Shot by Jonathan Huberdeau.
17:59 of 2nd period - Shot Misses the Net.
18:01 of 2nd period - Shot by Jonathan Huberdeau.
18:01 of 2nd period - Stopped by Elvis Merzlikins with a rebound.
18:03 of 2nd period - Shot by Kyle Turris.
18:03 of 2nd period - Stopped by Elvis Merzlikins without a rebound.
18:04 of 2nd period - Tomas Nosek wins face-off versus Alexander DeBrincat in RENO LIONS zone.
18:30 of 2nd period - Tomas Nosek is hit by Niko Mikkola and loses puck.
18:45 of 2nd period - Shot by Elias Pettersson.
18:45 of 2nd period - Stopped by Andrei Vasilevskiy without a rebound.
18:46 of 2nd period - Tom Wilson wins face-off versus Elias Pettersson in SACRAMENTO BANDITS zone.
18:46 of 2nd period - Tom Wilson is hit by Anders Lee.
18:47 of 2nd period - Tom Wilson from SACRAMENTO BANDITS is injured at 18:47 of 2nd period (Sprained Left Knee).
18:48 of 2nd period - Pierre-Luc Dubois wins face-off versus Lars Eller in SACRAMENTO BANDITS zone.
19:18 of 2nd period - Shot by Pierre-Luc Dubois.
19:18 of 2nd period - Shot Blocked by Ben Harpur.
19:42 of 2nd period - Lars Eller is hit by Kirill Kaprizov and loses puck.
19:48 of 2nd period - Jamie Benn is hit by Robert Hagg and loses puck.
19:49 of 2nd period - Minor Penalty to Robert Hagg for Roughing.
19:50 of 2nd period - Tomas Nosek wins face-off versus Alexander DeBrincat in RENO LIONS zone.
19:59 of 2nd period - Juuso Valimaki is hit by Brock Boeser and loses puck.
Goals for this period are 2 for SACRAMENTO BANDITS vs 2 for RENO LIONS.
Shots for this period are 12 for SACRAMENTO BANDITS vs 9 for RENO LIONS.

3rd period


0:01 of 3rd period - Blake Coleman wins face-off versus Alexander DeBrincat in neutral zone.
0:24 of 3rd period - Shot by Brock Boeser.
0:24 of 3rd period - Stopped by Elvis Merzlikins without a rebound.
0:25 of 3rd period - Lars Eller wins face-off versus Blake Coleman in RENO LIONS zone.
0:27 of 3rd period - Minor Penalty to Ethan Bear for Tripping.
0:27 of 3rd period - Minor Penalty to Lars Eller for Tripping.
0:28 of 3rd period - Jonathan Huberdeau wins face-off versus Blake Coleman in RENO LIONS zone.
0:36 of 3rd period - Icing by Filip Hronek.
0:37 of 3rd period - Jonathan Huberdeau wins face-off versus Blake Coleman in SACRAMENTO BANDITS zone.
0:52 of 3rd period - Shot by Jamie Benn.
0:52 of 3rd period - Stopped by Elvis Merzlikins with a rebound.
1:22 of 3rd period - Shot by Jamie Benn.
1:22 of 3rd period - Shot Misses the Net.
1:31 of 3rd period - Icing by Jonathan Huberdeau.
1:32 of 3rd period - Tomas Nosek wins face-off versus Jonathan Huberdeau in SACRAMENTO BANDITS zone.
2:24 of 3rd period - Icing by John Carlson.
2:25 of 3rd period - Jayce Hawryluk wins face-off versus Alexander DeBrincat in SACRAMENTO BANDITS zone.
2:26 of 3rd period - Shot by Evgeny Dadonov.
2:26 of 3rd period - Goal by Evgeny Dadonov - SACRAMENTO BANDITS : 2 - RENO LIONS : 4.
2:26 of 3rd period - Filip Gustavsson enters game.
2:27 of 3rd period - Elias Pettersson wins face-off versus Colton Sissons in neutral zone.
2:53 of 3rd period - Shot by Kirill Kaprizov.
2:53 of 3rd period - Stopped by Filip Gustavsson without a rebound.
2:54 of 3rd period - Cam Atkinson wins face-off versus Alexander DeBrincat in SACRAMENTO BANDITS zone.
2:54 of 3rd period - Pierre-Luc Dubois is hit by Mikhail Sergachev and loses puck.
3:01 of 3rd period - Shot by Cam Atkinson.
3:01 of 3rd period - Shot Misses the Net.
3:04 of 3rd period - Blake Coleman is hit by Mikhail Sergachev and loses puck.
3:38 of 3rd period - Shot by Blake Coleman.
3:38 of 3rd period - Stopped by Filip Gustavsson without a rebound.
3:39 of 3rd period - Lars Eller wins face-off versus Elias Pettersson in SACRAMENTO BANDITS zone.
3:39 of 3rd period - Lars Eller is hit by Kirill Kaprizov.
4:00 of 3rd period - Shot by Jamie Benn.
4:00 of 3rd period - Stopped by Elvis Merzlikins with a rebound.
4:15 of 3rd period - Shot by Lars Eller.
4:15 of 3rd period - Stopped by Elvis Merzlikins with a rebound.
4:43 of 3rd period - Shot by William Karlsson.
4:43 of 3rd period - Stopped by Filip Gustavsson without a rebound.
4:44 of 3rd period - Pierre-Luc Dubois wins face-off versus Alexander DeBrincat in SACRAMENTO BANDITS zone.
4:50 of 3rd period - Icing by Jonathan Huberdeau.
4:51 of 3rd period - Alexander DeBrincat wins face-off versus Cam Atkinson in SACRAMENTO BANDITS zone.
4:51 of 3rd period - Alexander DeBrincat is hit by Blake Coleman.
5:08 of 3rd period - Icing by Jonathan Huberdeau.
5:09 of 3rd period - Elias Pettersson wins face-off versus Alexander DeBrincat in SACRAMENTO BANDITS zone.
5:33 of 3rd period - Shot by Alexander DeBrincat.
5:33 of 3rd period - Stopped by Elvis Merzlikins with a rebound.
5:35 of 3rd period - Shot by Jonathan Huberdeau.
5:35 of 3rd period - Shot Misses the Net.
5:37 of 3rd period - Shot by Mikhail Sergachev.
5:37 of 3rd period - Stopped by Elvis Merzlikins without a rebound.
5:38 of 3rd period - Lars Eller wins face-off versus Pierre-Luc Dubois in RENO LIONS zone.
6:03 of 3rd period - Shot by Pierre-Luc Dubois.
6:03 of 3rd period - Deflect By Blake Coleman.
6:03 of 3rd period - Shot Misses the Net.
7:49 of 3rd period - Shot by Colton Sissons.
7:49 of 3rd period - Stopped by Elvis Merzlikins without a rebound.
7:50 of 3rd period - William Karlsson wins face-off versus Lars Eller in RENO LIONS zone.
8:48 of 3rd period - Icing by Joel Edmundson.
8:49 of 3rd period - Lars Eller wins face-off versus Blake Coleman in SACRAMENTO BANDITS zone.
10:03 of 3rd period - Ethan Bear is hit by Alexander DeBrincat and loses puck.
10:21 of 3rd period - Icing by Libor Hajek.
10:22 of 3rd period - Colton Sissons wins face-off versus William Karlsson in SACRAMENTO BANDITS zone.
10:42 of 3rd period - Shot by Colton Sissons.
10:42 of 3rd period - Stopped by Elvis Merzlikins with a rebound.
10:44 of 3rd period - Shot by Colton Sissons.
10:44 of 3rd period - Stopped by Elvis Merzlikins with a rebound.
10:46 of 3rd period - Shot by Colton Sissons.
10:46 of 3rd period - Deflect By Lukas Vejdemo.
10:46 of 3rd period - Shot Misses the Net.
10:48 of 3rd period - Shot by Gabriel Dumont.
10:48 of 3rd period - Stopped by Elvis Merzlikins with a rebound.
10:50 of 3rd period - Shot by Colton Sissons.
10:50 of 3rd period - Shot Misses the Net.
10:52 of 3rd period - Shot by Ben Harpur.
10:52 of 3rd period - Deflect By Colton Sissons.
10:52 of 3rd period - Stopped by Elvis Merzlikins without a rebound.
10:53 of 3rd period - Elias Pettersson wins face-off versus Kyle Turris in RENO LIONS zone.
10:53 of 3rd period - Kirill Kaprizov is hit by Lars Eller and loses puck.
11:06 of 3rd period - Shot by Elias Pettersson.
11:06 of 3rd period - Shot Misses the Net.
11:08 of 3rd period - Shot by Anders Lee.
11:08 of 3rd period - Stopped by Filip Gustavsson without a rebound.
11:09 of 3rd period - Alexander DeBrincat wins face-off versus Tomas Nosek in SACRAMENTO BANDITS zone.
11:32 of 3rd period - Shot by Brock Boeser.
11:32 of 3rd period - Stopped by Elvis Merzlikins with a rebound.
11:52 of 3rd period - Shot by Brock Boeser.
11:52 of 3rd period - Deflect By Jonathan Huberdeau.
11:52 of 3rd period - Stopped by Elvis Merzlikins without a rebound.
11:53 of 3rd period - Lars Eller wins face-off versus Anders Lee in RENO LIONS zone.
12:02 of 3rd period - Shot by Lars Eller.
12:02 of 3rd period - Stopped by Elvis Merzlikins without a rebound.
12:03 of 3rd period - Lars Eller wins face-off versus Pierre-Luc Dubois in RENO LIONS zone.
12:17 of 3rd period - Jamie Benn is hit by Robert Hagg and loses puck.
12:39 of 3rd period - Shot by Lars Eller.
12:39 of 3rd period - Stopped by Elvis Merzlikins with a rebound.
12:41 of 3rd period - Shot by Lars Eller.
12:41 of 3rd period - Shot Misses the Net.
14:08 of 3rd period - Shot by William Karlsson.
14:08 of 3rd period - Shot Misses the Net.
14:10 of 3rd period - Shot by William Karlsson.
14:10 of 3rd period - Stopped by Filip Gustavsson with a rebound.
14:12 of 3rd period - Shot by William Karlsson.
14:12 of 3rd period - Deflect By Evgeny Dadonov.
14:12 of 3rd period - Shot Blocked by Libor Hajek.
14:33 of 3rd period - Shot by Evgeny Dadonov.
14:33 of 3rd period - Stopped by Filip Gustavsson without a rebound.
14:34 of 3rd period - Tomas Nosek wins face-off versus Lars Eller in SACRAMENTO BANDITS zone.
15:32 of 3rd period - Shot by Alexander DeBrincat.
15:32 of 3rd period - Stopped by Elvis Merzlikins with a rebound.
15:34 of 3rd period - Shot by Jonathan Huberdeau.
15:34 of 3rd period - Stopped by Elvis Merzlikins without a rebound.
15:35 of 3rd period - Colton Sissons wins face-off versus Pierre-Luc Dubois in RENO LIONS zone.
15:44 of 3rd period - Shot by Colton Sissons.
15:44 of 3rd period - Shot Misses the Net.
15:46 of 3rd period - Shot by Colton Sissons.
15:46 of 3rd period - Shot Misses the Net.
15:58 of 3rd period - Shot by Colton Sissons.
15:58 of 3rd period - Stopped by Elvis Merzlikins without a rebound.
15:59 of 3rd period - Alexander DeBrincat wins face-off versus Elias Pettersson in RENO LIONS zone.
16:06 of 3rd period - Shot by Brock Boeser.
16:06 of 3rd period - Goal by Brock Boeser - SACRAMENTO BANDITS : 3 - RENO LIONS : 4.
16:07 of 3rd period - Colton Sissons wins face-off versus Elias Pettersson in neutral zone.
16:36 of 3rd period - Shot by Anders Lee.
16:36 of 3rd period - Stopped by Filip Gustavsson without a rebound.
16:37 of 3rd period - Pierre-Luc Dubois wins face-off versus Alexander DeBrincat in SACRAMENTO BANDITS zone.
16:50 of 3rd period - Shot by Justin Schultz.
16:50 of 3rd period - Stopped by Filip Gustavsson with a rebound.
16:57 of 3rd period - Off-side.
16:58 of 3rd period - Colton Sissons wins face-off versus Elias Pettersson in neutral zone.
17:06 of 3rd period - Off-side.
17:07 of 3rd period - Lars Eller wins face-off versus Pierre-Luc Dubois in neutral zone.
17:21 of 3rd period - Icing by Lars Eller.
17:22 of 3rd period - Lars Eller wins face-off versus Elias Pettersson in SACRAMENTO BANDITS zone.
17:49 of 3rd period - Shot by Jamie Benn.
17:49 of 3rd period - Stopped by Elvis Merzlikins without a rebound.
17:50 of 3rd period - Pierre-Luc Dubois wins face-off versus Alexander DeBrincat in RENO LIONS zone.
17:56 of 3rd period - Shot by Blake Coleman.
17:56 of 3rd period - Stopped by Filip Gustavsson without a rebound.
17:57 of 3rd period - Pierre-Luc Dubois wins face-off versus Alexander DeBrincat in SACRAMENTO BANDITS zone.
18:00 of 3rd period - Shot by Blake Coleman.
18:00 of 3rd period - Shot Misses the Net.
18:48 of 3rd period - Icing by Joel Edmundson.
18:49 of 3rd period - Elias Pettersson wins face-off versus Alexander DeBrincat in SACRAMENTO BANDITS zone.
19:03 of 3rd period - Icing by Ethan Bear.
19:04 of 3rd period - Anders Lee wins face-off versus Alexander DeBrincat in RENO LIONS zone.
19:28 of 3rd period - Icing by Mikhail Sergachev.
19:29 of 3rd period - Tomas Nosek wins face-off versus Alexander DeBrincat in SACRAMENTO BANDITS zone.
Goals for this period are 1 for SACRAMENTO BANDITS vs 1 for RENO LIONS.
Shots for this period are 20 for SACRAMENTO BANDITS vs 10 for RENO LIONS.


CAMERON
TALBOT
ROBERT
THOMAS
JOSHUA
MORRISSEY

EAST COAST

HOCKEY LEAGUE

  • 5.MAN2PIT5
  • 6.NHW2ATL6
  • 7.PET2WOR3
  • 8.RHI15
  • 9.CHIQUE
  • 10.LIMCHA
  • 11.LONTRV
  • 12.BALCHW